 Dungeon Sprint DCSS version 0.30-a0-269-gf0224bf7b6 (webtiles) character file.

Game seed: 16562856412897689988

125 Hubris850 the Trooper (level 5, -2/55 HPs)
             Began as a Gargoyle Fighter on Oct 14, 2022.
             Was a Believer of Qazlal.
             Slain by an orc warrior
             ... wielding a +0 battleaxe
              (15 damage)
             ... in the Dungeon (Sprint VII: "The Pits").
             The game lasted 00:01:05 (87 turns).

Hubris850 the Trooper (Gargoyle Fighter)              Turns: 87, Time: 00:01:06

Health: -2/55      AC: 11    Str: 21    XL:     5   Next: 9%
Magic:  5/5        EV:  9    Int:  9    God:    Qazlal [**....]
Gold:   0          SH:  8    Dex:  9    Spells: 4/4 levels left

rFire   . . .      SeeInvis .    k - +2 hand axe
rCold   . . .      Faith    .    c - +0 buckler
rNeg    + . .      Spirit   .    b - +0 scale mail
rPois   ∞          Reflect  .    (no helmet)
rElec   +          Harm     .    (no cloak)
rCorr   .          Rampage  .    (no gloves)
Will    .....      NoTele   +    (no boots)
Stlth   ..........               (no amulet)
HPRegen 0.29/turn                (no ring)
MPRegen 0.09/turn                (no ring)

@: berserking, very quick
A: sickness immunity, AC +4, negative energy resistance 1, electricity
resistance, torment resistance 1, petrification resistance
a: Renounce Religion, Upheaval


You were in the Dungeon.
You worshipped Qazlal.
Qazlal was pleased with you.
You visited 1 branch

Inventory:

Hand Weapons
 a - a +0 war axe
 k - a +2 hand axe (weapon)
Armour
 b - a +0 scale mail (worn)
 c - a +0 buckler (worn)
Scrolls
 j - a scroll of blinking
 m - 5 scrolls of amnesia
 n - a scroll of summoning
Potions
 d - a potion of might
 e - a potion of curing
 f - a potion of heal wounds
 g - a potion of haste
 h - 4 potions of magic
 i - 2 potions of berserk rage
 l - 2 potions of invisibility


   Skills:
 + Level 6.7 Fighting
 + Level 4.0 Axes
 + Level 6.5 Armour
 - Level 6.0 Shields


You had 4 spell levels left.
You didn't know any spells.
Your spell library was empty.

Dungeon Overview and Level Annotations

Branches:
Dungeon (1/1)

Altars:
Ashenzari
Cheibriados
Dithmenos
Elyvilon
Fedhas
Gozag
Hepliaklqana
Kikubaaqudgha
Makhleb
Nemelex Xobeh
Okawaru
Qazlal
Ru
Sif Muna
Trog
Uskayaw
Vehumet
Wu Jian
Xom
Yredelemnul
Zin
The Shining One
Jiyva
Lugonu


Innate Abilities, Weirdness & Mutations

You are immune to sickness and miasma.
Your stone body is resilient. (AC +4)
You are immune to poison.
You resist negative energy. (rN+)
You are resistant to electric shocks. (rElec)
You are resistant to unholy torment.
You are immune to petrification.


Message History

You slash the orc!
You kill the orc!
Qazlal accepts your kill.
The orc warrior hits you with a +0 battleaxe!
Your Axes skill increases to level 4!
You closely miss the orc warrior.
The orc warrior is heavily wounded.
You closely miss the frilled lizard.
The orc warrior hits you with a +0 battleaxe!
You block the frilled lizard's attack.
You closely miss the orc warrior.
The orc warrior is heavily wounded.
You miss the frilled lizard. The frilled lizard barely misses you.
The orc warrior hits you with a +0 battleaxe!
You hit the orc warrior but do no damage.
The orc warrior is heavily wounded.
You hit the frilled lizard.
You kill the frilled lizard!
Qazlal accepts your kill.
An orc comes into view. It is wielding a +0 flail.
A goblin comes into view. It is wielding a +0 dagger.
You block the orc warrior's attack.
You hit the orc warrior.
The orc warrior is severely wounded.
You closely miss the orc. You block the orc warrior's attack.
The orc hits you but does no damage.
You slash the orc warrior!
The orc warrior is almost dead.
You barely miss the orc.
You hit the orc warrior but do no damage.
The orc warrior is almost dead.
You barely miss the orc. The orc barely misses you.
The orc warrior hits you with a +0 battleaxe!
* * * LOW HITPOINT WARNING * * *
Unknown command.
You closely miss the orc warrior.
The orc warrior is almost dead.
You hit the orc. The orc closely misses you.
The orc warrior hits you with a +0 battleaxe!
You die...

#_________.#
#_______...###########++
##########'##...........
#.?(.')))'.##......#..#
##########.##..........
#...........'...........
+#####'#####......#..#.
#..#..#..##...........
#..'..o@.#####'#####+
##+####o###.......#


og. #.......# ....##.......# #+#####...<...# #.......# #.......# #.......#
######### You could see an orc warrior, 2 orcs and a goblin.

Vanquished Creatures
  A floating eye (D)
  An orc wizard (D)
  An orc (D)
  A bat skeleton (D)
  A giant cockroach (D)
  A bat (D)
  3 frilled lizards (D)
  A rat (D)
10 creatures vanquished.

Notes
Turn   | Place    | Note
-------+----------+-------------------------------------------
     0 | D        | Hubris850 the Gargoyle Fighter began the quest for the Orb.
     0 | D        | Reached XP level 1. HP: 14/14 MP: 1/1
     8 | D        | Noticed a floating eye
    13 | D        | Killed a floating eye
    14 | D        | Reached XP level 2. HP: 22/22 MP: 2/2
    14 | D        | Reached XP level 3. HP: 27/27 MP: 3/3
    14 | D        | Reached XP level 4. HP: 32/32 MP: 4/4
    38 | D        | Found a bloodstained altar of Trog.
    38 | D        | Found a shimmering blue altar of Sif Muna.
    38 | D        | Found a viscous altar of Jiyva.
    38 | D        | Found a hazy altar of Hepliaklqana.
    38 | D        | Found an opulent altar of Gozag.
    39 | D        | Found a glowing golden altar of the Shining One.
    39 | D        | Found a glowing silver altar of Zin.
    39 | D        | Found a basalt altar of Yredelemnul.
    39 | D        | Found a shimmering altar of Xom.
    39 | D        | Found an ornate altar of the Wu Jian Council.
    39 | D        | Found a sacrificial altar of Ru.
    39 | D        | Found a stormy altar of Qazlal.
    39 | D        | Found an iron altar of Okawaru.
    39 | D        | Found a sparkling altar of Nemelex Xobeh.
    39 | D        | Found a burning altar of Makhleb.
    39 | D        | Found a blossoming altar of Fedhas.
    39 | D        | Found a white marble altar of Elyvilon.
    39 | D        | Found a shadowy altar of Dithmenos.
    39 | D        | Found a snail-covered altar of Cheibriados.
    40 | D        | Found a radiant altar of Vehumet.
    40 | D        | Found a corrupted altar of Lugonu.
    41 | D        | Found an ancient bone altar of Kikubaaqudgha.
    41 | D        | Found a hide-covered altar of Uskayaw.
    41 | D        | Found a broken altar of Ashenzari.
    44 | D        | Became a worshipper of Qazlal Stormbringer
    61 | D        | Reached * piety under Qazlal
    73 | D        | Noticed an orc warrior
    76 | D        | Reached ** piety under Qazlal
    79 | D        | Reached XP level 5. HP: 37/37 MP: 5/5
    87 | D        | Slain by an orc warrior

Illustrated notes

Levels and vault maps discovered:
D:        pitsprint [storerooms_1, entrance_room_1, metal_vault_5, armoury_3,
          mini_pit_1, grid_room_1, main_hall_1, silver_pit, the_coven_3,
          the_vestibule_1, steel_vault_3, golden_pit, hallway_of_sentries,
          crystal_vault_4, iron_vault_4, final_vault]

Skill      XL: |  1  2  3  4  5 |
---------------+----------------+-----
Fighting       | 6 |  6.7
Axes           | 3 4 |  4.0
Armour         | 6 |  6.5
Shields        | 6 |  6.0

Action                   |  1- 3 |  4- 6 || total
-------------------------+-------+-------++-------
Melee: War axe           |     4 |       ||     4
       Hand axe          |       |    21 ||    21
  Use: Potion            |       |     1 ||     1
Armor: Scale mail        |       |     6 ||     6
Dodge: Dodged            |       |    10 ||    10
Block: Buckler           |       |     5 ||     5

Table legend: (Time is in decaauts)
 A = Elapsed time spent in this place.
 B = Non-inter-level travel time spent in this place.
 C = Inter-level travel time spent in this place.
 D = Time resting spent in this place.
 E = Time spent auto-exploring this place.
 F = Levels seen in this place.
 G = Mean time per level.
                   A        B        C        D        E       F      G
               +--------+--------+--------+--------+--------+-----+--------+
         Total |     88 |     88 |      0 |      0 |      0 |   1 |   88.0 |
       Dungeon |     88 |     88 |      0 |      0 |      0 |   1 |   88.0 |
               +--------+--------+--------+--------+--------+-----+--------+

Top non-repeatable levels by time:
       D: 88 daAuts
